 Dungeon Crawl Stone Soup version 0.28.0 (webtiles) character file.

Game seed: 9663473265017729120

107 cbfl8 the Sneak (level 4, -3/40 HPs)
             Began as a Minotaur Delver on Feb 14, 2022.
             Slain by a shadow imp (4 damage)
             ... on level 3 of the Dungeon.
             The game lasted 00:05:33 (2048 turns).

cbfl8 the Sneak (Minotaur Delver)                   Turns: 2048, Time: 00:05:34

Health: -3/40      AC:  8    Str: 19    XL:     4   Next: 56%
Magic:  3/3        EV:  8    Int:  7    God:
Gold:   128        SH:  0    Dex: 11    Spells: 3/3 levels left

rFire   + . .      SeeInvis .   a - +0 hand axe
rCold   + . .      Faith    .   (no shield)
rNeg    . . .      Spirit   .   d - +0 chain mail
rPois   .          Reflect  .   (helmet restricted)
rElec   .          Harm     .   (no cloak)
rCorr   .          Rampage  .   (no gloves)
Will    .....                   (no boots)
Stlth   ..........              (no amulet)
HPRegen 0.13/turn               i - ring of protection from fire
MPRegen 0.08/turn               o - ring of protection from cold

@: lethally poisoned (-3 -> -5)
A: horns 2, retaliatory headbutt
a: no special abilities


You were on level 3 of the Dungeon.
You visited 1 branch of the dungeon, and saw 5 of its levels.

You collected 128 gold pieces.

Inventory:

Hand Weapons
 a - a +0 hand axe (weapon)
Armour
 b - a +0 leather armour
 d - a +0 chain mail (worn)
Jewellery
 i - a ring of protection from fire (left hand)
 o - a ring of protection from cold (right hand)
Wands
 g - a wand of digging (3)
 h - a wand of iceblast (4)
Scrolls
 c - a scroll of fog
 e - a scroll of fear
 f - 2 scrolls of vulnerability {unknown}
 k - a scroll of enchant armour {unknown}
 l - a scroll of brand weapon {unknown}
 m - 2 scrolls of teleportation {unknown}
 n - 2 scrolls of identify {unknown}
Potions
 j - a potion of flight {unknown}


   Skills:
 + Level 4.0 Fighting
 + Level 3.9 Axes
 + Level 1.9 Armour
 + Level 2.5 Dodging
 + Level 4.7 Stealth


You had 3 spell levels left.
You didn't know any spells.
Your spell library contained the following spells:

 Spells                   Type           Power      Damage    Failure   Level
 Animate Skeleton         Necr           0%         N/A       99%         1
 Magic Dart               Conj           0%         1d3       99%         1
 Pain                     Necr           0%         1d4       99%         1
 Searing Ray              Conj           0%         2d4       100%        2
 Portal Projectile        Hex/Tloc       0%         N/A       100%        3
 Vampiric Draining        Necr           0%         2d6       100%        3
 Fulminant Prism          Conj/Hex       0%         3d6       100%        4
 Blade Hands              Tmut           0%         N/A       100%        5
 Excruciating Wounds      Necr           0%         N/A       100%        5


Dungeon Overview and Level Annotations

Branches:
Dungeon (5/15)
 Temple: D:4-7

Altars:

Shops:
D:2 [

Annotations:
D:4 Pikel


Innate Abilities, Weirdness & Mutations

You have a pair of horns on your head.
You reflexively headbutt those who attack you in melee.


Message History

Found a stone staircase leading down.
A kobold comes into view. It is wielding a +1 dagger of venom.
The kobold shouts!
A bat comes into view.
The kobold hits you but does no damage.
You are poisoned.
The bat moves out of view.
You feel sick.
The kobold hits you with a +1 dagger of venom.
You are more poisoned.
You hit the kobold but do no damage.
You feel very sick.
The kobold hits you with a +1 dagger of venom.
You barely miss the kobold. Your headbutt misses the kobold.
You feel very sick. The kobold hits you but does no damage.
You are more poisoned.
You hit the kobold but do no damage. You headbutt the kobold.
You kill the kobold!
You feel very sick.
Found a scroll of fear.
You feel very sick.
A shadow imp comes into view.
Things that are here:
a +1 dagger of venom; 2 stones; a scroll labelled FYUGUO HAMPE You feel very sick.
The shadow imp gestures at you. Pain shoots through your body!
* * * LOW HITPOINT WARNING * * *
* * * LOW HITPOINT WARNING * * *
You feel sick.
* * * LOW HITPOINT WARNING * * *
You feel sick.
* * * LOW HITPOINT WARNING * * *
You feel sick.
* * * LOW HITPOINT WARNING * * *
You feel sick.
The shadow imp shouts, "Face thy requiem, thou cockered fat-kidneyed bootlicker!"
The shadow imp hits you.
You die...

#..# . #..# .....#
...# .> ...#
##.#####.# ..#
##.......# .b##
...##.#### #..
##......# #.#
...##.#.# ###.####
#..##.#.####.)b5@.#
#..##........#.##.#
#..####.######.##.#
#..# #.# #.?...
#... ..# #######
..## #### ###


You could see a shadow imp and a bat.

Vanquished Creatures
  An orc wizard (D:3)
  Robin (D:2)
  3 worms
  2 orcs (D:3)
  3 ball pythons
  4 endoplasms
  5 hobgoblins
  5 kobolds
  3 quokkas
  8 bats
  3 frilled lizards
  13 goblins
  8 rats
59 creatures vanquished.

Notes
Turn   | Place    | Note
-------+----------+-------------------------------------------
     0 | D:5      | cbfl8 the Minotaur Delver began the quest for the Orb.
     0 | D:5      | Reached XP level 1. HP: 19/19 MP: 0/0
    92 | D:4      | Noticed a lemure
    92 | D:4      | Noticed a lemure
    93 | D:4      | Noticed a lemure
    96 | D:4      | Noticed Pikel
    96 | D:4      | Noticed a lemure
   333 | D:3      | Noticed an orc wizard
   340 | D:3      | Reached XP level 2. HP: 23/27 MP: 1/1
   357 | D:3      | Reached XP level 3. HP: 7/33 MP: 2/2
   632 | D:2      | Found Binoesat's Antique Armour Emporium.
   886 | D:2      | Reached skill level 1 in Armour
   965 | D:1      | Reached XP level 4. HP: 37/40 MP: 3/3
  1524 | D:2      | Noticed Robin
  1534 | D:2      | Killed Robin
  2047 | D:3      | HP: 2/40 [poisoned by a kobold]
  2048 | D:3      | Slain by a shadow imp

Illustrated notes

Levels and vault maps discovered:
D:1:      co_arrival_square_in_a_square_in_a_square, layout_rooms,
          lemuel_old_faithful
D:2:      layout_loops_ring, serial_shops, nicolae_shop_crystal, uniq_robin
D:3:      layout_loops_cross, mainiacjoe_overflow_paths,
          shapermc_ecumenical_altar_venn, uniq_grinder, uniq_terence
D:4:      layout_gridville, mainiacjoe_overflow_alcove_4, uniq_pikel,
          uniq_edmund
D:5:      layout_cave_pools, lemuel_temple_firewalk_b, uniq_menkaure

Skill      XL: |  1  2  3  4 |
---------------+-------------+-----
Axes           | 3 |  3.9
Armour         | 1 |  1.9
Fighting       | 4 |  4.0
Dodging        | |  2.5
Stealth        | |  4.7

Action                   |  1- 3 |  4- 6 || total
-------------------------+-------+-------++-------
Melee: Hand axe          |    70 |    61 ||   131
       Headbutt          |     8 |    13 ||    21
  Use: Scroll            |     1 |       ||     1
       Potion            |     1 |       ||     1
Armor: Chain mail        |    54 |    38 ||    92
Dodge: Dodged            |    53 |    28 ||    81
